 Dungeon Crawl Stone Soup version 0.29.1-12-g30fa7ad0bf (webtiles) character file.

Game seed: 18089832084537373167

14366 soggyman666 the Cleaver (level 12, 0/74 HPs)
             Began as a Gargoyle Fighter on Jan 12, 2023.
             Was a Believer of Trog.
             Slain by a skeletal warrior
             ... wielding a +0 trident
              (10 damage)
             ... on level 11 of the Dungeon.
             The game lasted 00:32:48 (10950 turns).

soggyman666 the Cleaver (Gargoyle Fighter)         Turns: 10950, Time: 00:32:49

Health: 0/74       AC: 25    Str: 25    XL:     12   Next: 15%
Magic:  12/12      EV: 13    Int:  9    God:    Trog [**....]
Gold:   1277       SH: 10    Dex:  9    Spells: 11/11 levels left

rFire   . . .      SeeInvis +   n - +0 broad axe (flame)
rCold   + . .      Faith    .   c - +0 buckler
rNeg    + . .      Spirit   .   Q - +0 acid dragon scales
rPois   ∞          Reflect  +   (no helmet)
rElec   +          Harm     .   w - +2 cloak
rCorr   +          Rampage  .   h - +2 pair of gloves {Stlth+}
Will    +....                   o - +0 pair of boots
Stlth   ++........              i - amulet of reflection
HPRegen 0.22/turn               B - ring of Gozag's Pride {Wiz rC+ SInv}
MPRegen 0.13/turn               C - ring of willpower

@: no status effects
A: sickness immunity, AC +8, negative energy resistance 1, electricity
resistance, torment resistance 1, petrification resistance
a: Renounce Religion, Berserk, Trog's Hand


You were on level 11 of the Dungeon.
You worshipped Trog.
Trog was pleased with you.
You visited 3 branches of the dungeon, and saw 13 of its levels.

You collected 1277 gold pieces.

Inventory:

Hand Weapons
 a - a +0 war axe
 n - a +0 broad axe of flaming (weapon)
 y - a +1 vorpal morningstar
 O - a +4 hand axe of flaming
Missiles
 j - 3 throwing nets (quivered)
Armour
 c - a +0 buckler (worn)
 h - a +2 pair of gloves of stealth (worn)
 o - a +0 pair of boots (worn)
 w - a +2 cloak (worn)
 G - a +0 chain mail
 Q - +0 acid dragon scales (worn)
Jewellery
 i - an amulet of reflection (around neck)
 l - an amulet of regeneration
 x - a ring of fire
 A - a ring of willpower
 B - the ring of Gozag's Pride (left hand) {Wiz rC+ SInv}
   (You found it on level 5 of the Dungeon)

   [ring of wizardry]

   It improves your spell success rate.
   rC:        It protects you from cold.
   SInv:      It lets you see invisible.
 C - a ring of willpower (right hand)
 I - a ring of fire
Wands
 k - a wand of quicksilver (13)
 p - a wand of iceblast (12)
 r - a wand of paralysis (6)
 E - a wand of mindburst (12)
 L - a wand of polymorph (14)
Scrolls
 e - 3 scrolls of teleportation
 q - a scroll of vulnerability {unknown}
 t - a scroll of immolation
 v - 3 scrolls of magic mapping
 D - 4 scrolls of noise
 F - 3 scrolls of fog
 H - 3 scrolls of fear {unknown}
 J - 4 scrolls of poison {unknown}
 K - a scroll of torment {unknown}
 N - 4 scrolls of identify
Potions
 b - 2 potions of resistance {unknown}
 d - a potion of might
 f - 2 potions of lignification
 g - 2 potions of mutation {unknown}
 m - 2 potions of berserk rage
 s - 4 potions of attraction
 u - 2 potions of heal wounds {unknown}
 z - 3 potions of brilliance {unknown}
 M - a potion of cancellation {unknown}
 P - a potion of flight {unknown}


   Skills:
 + Level 8.2 Fighting
 + Level 12.1 Axes
 + Level 8.2 Armour
 + Level 6.8 Dodging
 + Level 8.2 Shields


You had 11 spell levels left.
You didn't know any spells.
Your spell library contained the following spells:

 Spells                   Type           Power      Damage    Failure   Level
 Beastly Appendage        Tmut           0%         N/A       24%         1
 Sting                    Tmut/Pois      0%         1d3       24%         1
 Poisonous Vapours        Pois/Air       0%         N/A       32%         2
 Wereblood                Tmut           0%         N/A       32%         2
 Ignite Poison            Fire/Tmut/Pois 0%         N/A       54%         3
 Inner Flame              Hex/Fire       0%         N/A       54%         3
 Mephitic Cloud           Conj/Pois/Air  0%         N/A       54%         3
 Spider Form              Tmut/Pois      0%         N/A       54%         3
 Cause Fear               Hex            0%         N/A       90%         4
 Olgreb's Toxic Radiance  Pois           0%         N/A       90%         4
 Freezing Cloud           Conj/Ice/Air   0%         6-21      99%         5
 Simulacrum               Ice/Necr       0%         N/A       100%        6
 Discord                  Hex            0%         N/A       100%        8
 Polar Vortex             Ice            0%         N/A       100%        9


Dungeon Overview and Level Annotations

Branches:
Dungeon (11/15)            Temple (1/1) D:4            Lair (0/5) D:11
    Orc (1/2) D:10

Altars:
Ashenzari
Cheibriados
Dithmenos
Elyvilon
Fedhas
Gozag
Hepliaklqana
Kikubaaqudgha
Makhleb
Nemelex Xobeh
Okawaru
Qazlal
Ru
Sif Muna
Trog
Uskayaw
Vehumet
Wu Jian
Xom
Yredelemnul
Zin
The Shining One

Shops:
D:7 !


Innate Abilities, Weirdness & Mutations

You are immune to sickness and miasma.
Your stone body is resilient. (AC +8)
You are immune to poison.
You resist negative energy. (rN+)
You are resistant to electric shocks. (rElec)
You are resistant to unholy torment.
You are immune to petrification.


Message History

You start resting.
A skeletal warrior is nearby!
You start resting.
A skeletal warrior is nearby!
The skeletal warrior throws a stone.
The stone hits you.
You see here +0 acid dragon scales.
Things that are here:
a +0 giant club; a +0 giant club; a +0 dire flail The skeletal warrior throws a stone.
The stone barely misses you.
There is a stone staircase leading up here.
The skeletal warrior throws a stone.
The stone hits you.
The skeletal warrior throws a stone.
The stone hits you but does no damage.
The skeletal warrior hits you with a +0 trident!
There is a stone staircase leading up here.
You hit the skeletal warrior. You burn the skeletal warrior.
The skeletal warrior is lightly damaged.
The skeletal warrior hits you but does no damage.
You hit the skeletal warrior but do no damage.
The skeletal warrior is lightly damaged.
The skeletal warrior hits you but does no damage.
You hit the skeletal warrior but do no damage.
The skeletal warrior is lightly damaged.
The skeletal warrior hits you with a +0 trident!
You hit the skeletal warrior. You burn the skeletal warrior.
The skeletal warrior is lightly damaged.
The skeletal warrior hits you with a +0 trident.
You hit the skeletal warrior. You burn the skeletal warrior.
The skeletal warrior is lightly damaged.
The skeletal warrior closely misses you.
You closely miss the skeletal warrior.
The skeletal warrior is lightly damaged.
The skeletal warrior hits you with a +0 trident!
* * * LOW HITPOINT WARNING * * *
You barely miss the skeletal warrior.
The skeletal warrior is lightly damaged.
The skeletal warrior completely misses you.
You hit the skeletal warrior. You burn the skeletal warrior.
The skeletal warrior is moderately damaged.
The skeletal warrior hits you with a +0 trident!
You die...

#.................###
#...................#
#...................#
#########...................#
.................########...#####
.................# #........
.................# ##........
.................# #.........
.......#####'##.@#######.........
.......#......#.z)...............
.>.....#......#..................
.......#......#..................
####...#'######.[.........####...
#...............####...# #...
##...............# ##### #...
#................# .. #...
###................# ..(.....####


You could see a skeletal warrior.

Vanquished Creatures
  3 boulder beetles
  Erica (D:8)
  2 two-headed ogres
  A skeletal warrior (D:10)
  Lodul (D:11)
  An ugly thing (D:11)
  A komodo dragon (D:11)
  2 trolls (D:11)
  Grinder (D:4)
  Sigmund (D:5)
  9 yaks
  A wraith (D:10)
  3 steam dragons
  4 vampire mosquitoes (D:10)
  Duvessa (D:4)
  3 wargs (D:10)
  2 acid dragons (D:11)
  A water moccasin (D:5)
  An ice beast (D:6)
  A sky beast (D:8)
  2 black bears (D:5)
  3 orc warriors
  4 wolves (D:11)
  6 ogres
  4 centaurs
  3 phantoms
  A kobold brigand (D:4)
  A gnoll sergeant (D:9)
  4 bullfrogs
  3 scorpions (D:5)
  3 necrophages
  6 wights
  Dowan (D:4)
  15 killer bees
  6 howler monkeys
  3 electric eels (D:11)
  6 hounds
  4 orc priests
  Ijyb (D:4)
  A gnoll bouda (D:5)
  Natasha (thrice) (D:3)
  6 iguanas
  5 orc wizards
  8 adders
  15 gnolls
  A white imp (D:5)
  2 ufetubi
  3 worms
  3 dart slugs
  19 orcs
  6 bats
  5 endoplasms
  2 giant cockroaches
  10 hobgoblins
  7 kobolds
  2 quokkas
  17 ball pythons
  3 frilled lizards
  10 goblins
  11 rats
255 creatures vanquished.

Vanquished Creatures (others)
  2 plants (D:5)
2 creatures vanquished.

Grand Total: 257 creatures vanquished

Notes
Turn   | Place    | Note
-------+----------+-------------------------------------------
     0 | D:1      | soggyman666 the Gargoyle Fighter began the quest for the
                  | Orb.
     0 | D:1      | Reached XP level 1. HP: 14/14 MP: 1/1
   144 | D:1      | Reached XP level 2. HP: 19/19 MP: 2/2
   168 | D:1      | Reached skill level 2 in Axes
   545 | D:1      | Reached XP level 3. HP: 23/23 MP: 3/3
   633 | D:1      | Found a faded altar of an unknown god.
  1129 | D:2      | Reached XP level 4. HP: 17/29 MP: 4/4
  2378 | D:3      | Reached XP level 5. HP: 33/33 MP: 5/5
  2406 | D:3      | Noticed Natasha
  2412 | D:3      | Killed Natasha
  2579 | D:3      | Noticed Natasha
  2604 | D:3      | Killed Natasha
  2605 | D:3      | Reached skill level 3 in Axes
  2628 | D:3      | Noticed Natasha
  2632 | D:3      | Killed Natasha
  2896 | D:4      | Reached skill level 4 in Axes
  2896 | D:4      | Reached XP level 6. HP: 37/38 MP: 6/6
  3038 | D:4      | Noticed Dowan
  3038 | D:4      | Noticed Duvessa
  3054 | D:4      | Noticed Ijyb
  3055 | D:4      | Paralysed by Ijyb for 5 turns
  3057 | D:4      | Noticed Grinder
  3063 | D:4      | Killed Ijyb
  3066 | D:4      | Paralysed by Grinder for 2 turns
  3076 | D:4      | Killed Grinder
  3077 | D:4      | Reached skill level 5 in Axes
  3077 | D:4      | Reached XP level 7. HP: 15/43 MP: 7/7
  3277 | D:4      | Killed Duvessa
  3278 | D:4      | Reached skill level 6 in Axes
  3290 | D:4      | Killed Dowan
  3373 | D:4      | Reached skill level 7 in Axes
  3428 | D:4      | Reached XP level 8. HP: 17/48 MP: 8/8
  3543 | D:4      | Found a staircase to the Ecumenical Temple.
  3549 | D:4      | Reached skill level 8 in Axes
  3563 | Temple   | Entered the Ecumenical Temple
  3874 | D:5      | Entered Level 5 of the Dungeon
  3874 | D:5      | Found a white marble altar of Elyvilon.
  4041 | D:5      | Reached skill level 9 in Axes
  4230 | D:5      | Reached XP level 9. HP: 52/52 MP: 9/9
  4307 | D:5      | Noticed Sigmund
  4324 | D:5      | Killed Sigmund
  4329 | D:5      | Reached skill level 10 in Axes
  4431 | D:5      | Identified the ring of Gozag's Pride {Wiz rC+ SInv}
  4687 | D:6      | Found a blossoming altar of Fedhas.
  4699 | D:6      | Reached skill level 5 in Fighting
  4924 | D:6      | Found an opulent altar of Gozag.
  5371 | D:4      | Identified a scroll of acquirement
  5372 | D:4      | Acquired a +2 pair of gloves of stealth
  5668 | D:7      | Found Emnaz's Distillery.
  5825 | D:7      | Found a shimmering altar of Xom.
  5832 | D:7      | Reached skill level 11 in Axes
  6568 | D:8      | Noticed a two-headed ogre
  6576 | D:8      | Killed a two-headed ogre
  6577 | D:8      | Reached XP level 10. HP: 18/63 MP: 10/10
  6796 | D:8      | Noticed Erica
  6818 | D:8      | HP: 3/63 [Erica/+4 scimitar of flaming (2)]
  6820 | D:8      | Killed Erica
  6821 | D:8      | Reached skill level 1 in Dodging
  7025 | D:8      | Reached skill level 5 in Armour
  7025 | D:8      | Reached skill level 5 in Shields
  7261 | D:8      | Found a bloodstained altar of Trog.
  7261 | D:8      | Found an iron altar of Okawaru.
  7261 | D:8      | Found a radiant altar of Vehumet.
  7267 | D:8      | Became a worshipper of Trog the Wrathful
  7390 | D:9      | Noticed a boulder beetle
  7407 | D:9      | Killed a boulder beetle
  7500 | D:9      | Reached XP level 11. HP: 67/67 MP: 11/11
  7731 | D:9      | Reached * piety under Trog
  7732 | D:9      | Reached skill level 5 in Dodging
  8174 | D:10     | Entered Level 10 of the Dungeon
  8262 | D:10     | Found a staircase to the Orcish Mines.
  8375 | D:10     | Noticed a two-headed ogre
  8396 | D:10     | Killed a two-headed ogre
  8424 | D:10     | Reached ** piety under Trog
  9055 | Orc:1    | Entered Level 1 of the Orcish Mines
  9055 | Orc:1    | Noticed an orc knight
  9132 | D:11     | Noticed a skeletal warrior
  9132 | D:11     | Noticed a skeletal warrior
  9132 | D:11     | Noticed a skeletal warrior
  9285 | D:11     | Noticed Lodul
  9351 | D:11     | Killed Lodul
  9573 | D:11     | Noticed a skeletal warrior
  9615 | D:10     | Killed a skeletal warrior
  9810 | D:11     | Noticed a boulder beetle
  9830 | D:11     | Noticed a white ugly thing
  9832 | D:11     | Killed a boulder beetle
  9833 | D:11     | Reached skill level 12 in Axes
  9846 | D:11     | Killed a white ugly thing
  9847 | D:11     | Reached XP level 12. HP: 40/73 MP: 12/12
 10453 | D:11     | Found a staircase to the Lair.
 10695 | D:11     | Noticed a boulder beetle
 10777 | D:11     | Killed a boulder beetle
 10950 | D:11     | Slain by a skeletal warrior

Illustrated notes

Levels and vault maps discovered:
D:1:      matt_arrival_diagonals, layout_loops_ring,
          shapermc_ecumenical_altar_petra
D:2:      minmay_inner_zag, layout_basic
D:3:      layout_rooms, minmay_ruptured, uniq_natasha
D:4:      minmay_angry_zag, layout_loops_cross, minmay_temple_entry_hall,
          uniq_grinder, uniq_duvessa, uniq_ijyb
D:5:      layout_rooms, amcnicky_altar_gilded, chequers_mini_garden,
          abandoned_shop, serial_bayou_ford_a, skrybe_limestone_x, uniq_sigmund
D:6:      layout_basic, overflow_temple_1_default, mainiacjoe_overflow_24_doors,
          minivault_14, st_stairs_1
D:7:      cheibrodos_helix_gallery, layout_basic, mainiacjoe_overflow_alcove_1,
          serial_shops, shop
D:8:      layout_cave_pods, gammafunk_temple_overflow_forgotten, uniq_erica
D:9:      layout_loops_cross
D:10:     layout_basic, minmay_orc_entry_guard_dogs, minmay_misc_feat_ornament
D:11:     layout_irregular_city, erik_lair_island, uniq_lodul
Temple:   nicolae_temple_superstar
Orc:1:    hellmonk_paralyzer, layout_caves, nooodl_orcs_dogs

Skill      XL: |  1  2  3  4  5  6  7  8  9 10 11 |
---------------+----------------------------------+-----
Axes           | 2 4 5 7 9 11 12 | 12.1
Armour         | 4 6 8 |  8.2
Fighting       | 4 7 8 |  8.2
Shields        | 4 6 8 |  8.2
Dodging        | 4 6 |  6.8

Action                   |  1- 3 |  4- 6 |  7- 9 | 10-12 || total
-------------------------+-------+-------+-------+-------++-------
Melee: War axe           |   106 |   108 |       |       ||   214
       Broad axe         |       |    55 |   314 |   462 ||   831
       Hand axe          |       |       |       |    27 ||    27
Invok: Berserk           |       |       |       |     1 ||     1
  Use: Scroll            |       |     5 |     9 |     5 ||    19
       Potion            |       |     2 |     1 |     3 ||     6
Armor: Scale mail        |    77 |    90 |   157 |       ||   324
       Chain mail        |       |       |    71 |   288 ||   359
       Acid dragon scale |       |       |       |    25 ||    25
Dodge: Dodged            |    65 |    84 |   169 |   230 ||   548
Block: Buckler           |    22 |    35 |    94 |   146 ||   297
       Reflection        |       |       |       |     1 ||     1
